 Dungeon Crawl Stone Soup version 0.28-a0-1117-g0bdd5ba030 (webtiles) character file.

Game seed: 6212875144300968859

52 Sabo the Skirmisher (level 3, 0/19 HPs)
             Began as a Vine Stalker Fighter on Dec 12, 2021.
             Was a Follower of Fedhas.
             Succumbed to an adder's poison
             ... on level 2 of the Dungeon.
             The game lasted 00:09:17 (1961 turns).

Sabo the Skirmisher (Vine Stalker Fighter)          Turns: 1961, Time: 00:09:18

Health: 0/19       AC:  6    Str: 20    XL:     3   Next: 85%
Magic:  3/4        EV:  9    Int:  8    God:    Fedhas [*.....]
Gold:   10         SH:  4    Dex: 13    Spells: 2/2 levels left

rFire   . . .      SeeInvis .   a - +0 war axe
rCold   . . .      Faith    .   c - +0 buckler
rNeg    . . .      Spirit   +   b - +0 scale mail
rPois   .          Reflect  .   (no helmet)
rElec   .          Harm     .   (no cloak)
rCorr   .          Rampage  .   (no gloves)
Will    .....                   (no boots)
Stlth   ..........              (no amulet)
HPRegen 0.06/turn               (no ring)
MPRegen 0.09/turn               (no ring)

@: lethally poisoned (0 -> -5)
A: fangs 2, magic shield, antimagic bite, no potion heal 2
a: Renounce Religion


You were on level 2 of the Dungeon.
You worshipped Fedhas.
Fedhas was aware of your devotion.
You visited 1 branch of the dungeon, and saw 2 of its levels.

You collected 10 gold pieces.

Inventory:

Hand Weapons
 a - a +0 war axe (weapon)
Missiles
 f - 57 stones (quivered)
 g - 16 poisoned darts
 l - 27 arrows
 n - 10 bolts
Armour
 b - a +0 scale mail (worn)
 c - a +0 buckler (worn)
Scrolls
 h - a scroll of magic mapping
 j - 2 scrolls of fog
 k - a scroll of blinking {unknown}
 o - a scroll of brand weapon {unknown}
 p - a scroll of fear {unknown}
Potions
 d - a potion of might
 m - a potion of heal wounds {unknown}


   Skills:
 + Level 2.9 Fighting
 + Level 2.9 Axes
 + Level 2.8 Armour
 + Level 2.9 Shields


You had 2 spell levels left.
You didn't know any spells.
Your spell library was empty.

Dungeon Overview and Level Annotations

Branches:
Dungeon (2/15)

Altars:
Fedhas

Shops:
D:1 =


Innate Abilities, Weirdness & Mutations

You have extremely sharp teeth.
When hurt, damage is shared between your health and your magic reserves.
Your bite disrupts and absorbs the magic of your enemies.
Potions cannot restore your health.


Message History

The adder hisses angrily.
There is a stone staircase leading up here.
A goblin comes into view. It is wielding a +0 club.
The goblin shouts!
You hit the kobold. You bite the kobold.
You kill the kobold!
Fedhas appreciates your contribution to the ecosystem.
The adder bites you.
You barely miss the adder. Your bite misses the adder.
You block the adder's attack. The adder barely misses you.
You closely miss the adder. Your bite misses the adder. The adder bites you.
You are poisoned.
The adder poisons you! The adder misses you.
The goblin hits you but does no damage.
You hit the adder. You bite the adder, but do no damage.
The adder is heavily wounded.
You barely miss the goblin.
You feel sick. The adder bites you. You block the goblin's attack.
The adder closely misses you.
You barely miss the adder.
The adder is heavily wounded.
You hit the goblin.
You kill the goblin!
Fedhas appreciates your contribution to the ecosystem.
You feel sick. The adder bites you but does no damage.
You hit the adder.
The adder is heavily wounded.
You feel sick. The adder bites you.
* * * LOW HITPOINT WARNING * * *
You are lethally poisoned!
The adder poisons you! The adder closely misses you.
You slash the adder!
You kill the adder!
Fedhas appreciates your contribution to the ecosystem.
* * * LOW HITPOINT WARNING * * *
You feel sick.
* * * LOW HITPOINT WARNING * * *
You feel sick.
You see here a +0 short sword.
You die...
Fedhas appreciates your contribution to the ecosystem.

#.. #.. #
#.#######
##.##........
#....<.#
.....##.##
### #..# #))#
#@.# #..#
...# ....#
.....#
.......
......##
#......#


There were no monsters in sight!

Vanquished Creatures
  An adder (D:2)
  A dart slug (D:1)
  2 ball pythons (D:1)
  3 endoplasms (D:1)
  4 giant cockroaches (D:1)
  6 goblins
  3 hobgoblins (D:1)
  2 jackals (D:1)
  2 frilled lizards (D:1)
  9 kobolds
  5 rats (D:1)
38 creatures vanquished.

Vanquished Creatures (others)
  3 plants (D:1)
3 creatures vanquished.

Grand Total: 41 creatures vanquished

Notes
Turn   | Place    | Note
-------+----------+-------------------------------------------
     0 | D:1      | Sabo the Vine Stalker Fighter began the quest for the Orb.
     0 | D:1      | Reached XP level 1. HP: 11/11 MP: 2/2
   381 | D:1      | Reached XP level 2. HP: 16/16 MP: 3/3
   724 | D:1      | Found Keijitro's Jewellery Boutique.
   880 | D:1      | Found a faded altar of an unknown god.
   892 | D:1      | Reached XP level 3. HP: 18/19 MP: 4/4
   932 | D:1      | Prayed at the altar of an unknown god.
   932 | D:1      | Became a worshipper of Fedhas Madash
   932 | D:1      | Reached * piety under Fedhas
  1961 | D:2      | Succumbed to an adder's poison

Illustrated notes

Levels and vault maps discovered:
D:1:      onia_arrival_mini_maze, layout_loops_ring, serial_shops,
          nicolae_shop_statue_plus, chequers_ecumenical_altar_simple,
          chequers_serial_rivers_large_a, grunt_decor_clamped,
          lexackson_kobold_supper
D:2:      layout_rooms

Skill      XL: |  1  2 |
---------------+-------+-----
Axes           | 2 |  2.9
Fighting       | |  2.9
Armour         | |  2.8
Shields        | |  2.9

Action                   || total
-------------------------++-------
Melee: War axe           ||   102
       Bite              ||    25
  Use: Scroll            ||     3
Armor: Scale mail        ||    42
Dodge: Dodged            ||    41
Block: Buckler           ||    21

Table legend: (Time is in decaauts)
 A = Elapsed time spent in this place.
 B = Non-inter-level travel time spent in this place.
 C = Inter-level travel time spent in this place.
 D = Time resting spent in this place.
 E = Time spent auto-exploring this place.
 F = Levels seen in this place.
 G = Mean time per level.
                   A        B        C        D        E       F      G
               +--------+--------+--------+--------+--------+-----+--------+
         Total |   2033 |   2033 |      0 |    759 |      0 |   2 | 1016.5 |
       Dungeon |   2033 |   2033 |      0 |    759 |      0 |   2 | 1016.5 |
               +--------+--------+--------+--------+--------+-----+--------+

Top non-repeatable levels by time:
     D:1: 2015 daAuts
     D:2: 17 daAuts
